 Dungeon Crawl Stone Soup version 0.25-a0-294-gea9b1ad378 (webtiles) character file.

Game seed: 10573602683438781731, levelgen mode: classic

11 Borgoz the Skirmisher (level 2, -1/28 HPs)
             Began as a Gargoyle Berserker on Dec 19, 2019.
             Was a Follower of Trog.
             Slain by a gnoll
             ... wielding a +0 halberd
              (5 damage)
             ... on level 1 of the Dungeon.
             The game lasted 00:00:37 (683 turns).

Borgoz the Skirmisher (Gargoyle Berserker)           Turns: 683, Time: 00:00:37

Health: -1/28      AC:  9    Str: 25    XL:     2   Next: 29%
Magic:  2/2        EV: 11    Int:  7    God:    Trog [*.....]
Gold:   16         SH:  0    Dex:  9    Spells: 1/1 levels left

rFire    . . .     SeeInvis .   a - +0 mace
rCold    . . .     Gourm    .   (no shield)
rNeg     + . .     Faith    .   j - +0 ring mail
rPois    ∞         Spirit   .   (no helmet)
rElec    +         Reflect  .   (no cloak)
rCorr    .         Harm     .   (no gloves)
MR       .....                  h - +0 pair of boots
Stlth    ..........             (no amulet)
HPRegen  0.09/turn              (no ring)
MPRegen  0.08/turn              (no ring)

@: berserking, very quick
A: negative energy resistance 1, electricity resistance, unbreathing,
petrification resistance, rot immunity, AC +2
a: Berserk, Renounce Religion


You were on level 1 of the Dungeon.
You worshipped Trog.
Trog was aware of your devotion.
You were not hungry.

You visited 1 branch of the dungeon, and saw 1 of its levels.

You collected 16 gold pieces.

Inventory:

Hand Weapons
 a - a +0 mace (weapon)
Armour
 h - a +0 pair of boots (worn)
 j - a +0 ring mail (worn)
Scrolls
 i - a scroll of remove curse {unknown}
Potions
 e - 3 potions of might {unknown}
 f - a potion of ambrosia {unknown}
 g - a potion of haste {unknown}
Comestibles
 c - a ration
 d - a chunk of flesh


   Skills:
 + Level 3.4 Fighting
 * Level 3.3 Maces & Flails
 + Level 2.4 Armour
 + Level 1.7 Dodging


You had one spell level left.
You didn't know any spells.
Your spell library was empty.

Dungeon Overview and Level Annotations

Branches:
Dungeon (1/15)

Altars:


Innate Abilities, Weirdness & Mutations

You are resistant to torment.
Your stone body is resilient. (AC +2)
You are immune to poison.
You resist negative energy. (rN+)
You are resistant to electric shocks. (rElec)
You can survive without breathing.
You are immune to petrification.
You are immune to rotting.


Message History

The gnoll misses you.
You hit the gnoll.
The gnoll is moderately wounded.
The gnoll hits you with a +0 halberd!
Ouch! That really hurt!
You are too injured to fight recklessly!
You are too injured to fight recklessly!
A red film seems to cover your vision as you go berserk!
You feel yourself moving faster!
You feel mighty!
You feel a lot more hungry. The gnoll hits you but does no damage.
You barely miss the gnoll.
The gnoll is moderately wounded.
You hit the gnoll.
The gnoll is severely wounded.
The gnoll hits you with a +0 halberd!
* * * LOW HITPOINT WARNING * * *
You completely miss the gnoll.
The gnoll is severely wounded.
The gnoll hits you with a +0 halberd.
You die...

### #.# ############
... ............
###.### #########.##
..... ...#....
###.###########.#....
#...@..$..#..........
#.#..g....#.#.#......
#.#########.#.#......
#....................
###########.#.[..#...
######.#.#......
#.........#..#.÷.
#.........#......
#.........#..#...


You could see a gnoll.

Vanquished Creatures
  A leopard gecko (D:1)
  A giant cockroach (D:1)
  3 goblins (D:1)
  A hobgoblin (D:1)
  A kobold (D:1)
  A bat (D:1)
  2 rats (D:1)
10 creatures vanquished.

Notes
Turn   | Place    | Note
-------+----------+-------------------------------------------
     0 | D:1      | Borgoz the Gargoyle Berserker began the quest for the Orb.
     0 | D:1      | Reached XP level 1. HP: 14/14 MP: 1/1
   356 | D:1      | Reached XP level 2. HP: 18/19 MP: 2/2
   683 | D:1      | Slain by a gnoll

Levels and vault maps discovered:
D:1:      evilmike_arrival_rings, layout_basic

Action                   || total
-------------------------++-------
Melee: Mace              ||    41
Invok: Berserk           ||     1
Armor: Animal skin       ||     8
       Ring mail         ||     1
Dodge: Dodged            ||    23

Table legend:
 A = Non-vault XP
 B = Vault XP
 C = Vault XP percentage of total XP
 D = Non-vault monster count
 E = Vault monster count
 F = Vault count percentage of total count
                 A         B        C        D         E       F
            +---------+---------+-------+---------+---------+-------
      Total |      17 |       0 |   0.0 |      10 |       0 |   0.0
            +---------+---------+-------+---------+---------+-------
        D:1 |      17 |       0 |   0.0 |      10 |       0 |   0.0
            +---------+---------+-------+---------+---------+-------
